AoeStats
← Spicy

Golden Pit

509091279Analyzed
1v1 RM · 8d ago on Sep 25, 2026· 29m 48s· 2 players
Game mode
Random Map
Map size
Tiny (2 player)
Population
200
Speed
Normal
Resources
Standard
Victory
Conquest
Starting age
Dark Age
Ending age
Imperial Age
RankedLock teamsTeams togetherTeam positionsShared explorationLock speedFull tech treeHidden civsTurbo modeCheats
Victory
Defeat
🇩🇪 Goths · Germany
1032
+17
🇦🇺 Bulgarians · Australia
1051
-17
martin.comes
2:13 Loom
10:10 Feudal Age
10:12 Man-at-Arms
11:38 Scale Mail Armor
23:44 Fletching
27:32 Castle Age
27:54 Forging
27:36 Long Swordsman
28:21 Bodkin Arrow
Spicy
6:46 Loom
9:47 Feudal Age
13:02 Horse Collar
17:59 Forging
18:20 Scale Mail Armor
22:32 Double-Bit Axe
27:56 Castle Age
25:56 Fletching
29:32 Scale Barding Armor
Connection lost

Rejoining the realm…

Still unreachable

The connection could not be restored.

Session expired

The server has moved on; the page needs a fresh start.